 Dungeon Crawl Stone Soup version 0.28-a0-1613-gdaab1c2f9b (webtiles) character file.

Game seed: 6778561916377966

7567 avis the Reanimator (level 10, -8/88 HPs)
             Began as a Deep Dwarf Necromancer on Jan 21, 2022.
             Mangled by a two-headed ogre (13 damage)
             ... on level 9 of the Dungeon on Jan 22, 2022.
             The game lasted 01:14:25 (10599 turns).

avis the Reanimator (Deep Dwarf Necromancer)       Turns: 10599, Time: 01:14:25

Health: -8/88      AC: 16    Str: 15    XL:     10   Next: 97%
Magic:  2/20       EV: 12    Int: 19    God:
Gold:   193        SH:  5    Dex: 16    Spells: 10/23 levels left

rFire   + . .      SeeInvis .   a - +0 war axe (elec)
rCold   x . .      Faith    .   (no shield)
rNeg    + . .      Spirit   .   i - +0 swamp dragon scales
rPois   +          Reflect  +   L - +0 helmet
rElec   +          Harm     .   (no cloak)
rCorr   .          Rampage  .   q - +0 pair of gloves
Will    +....                   o - +0 pair of boots
Stlth   ++........              l - amulet of reflection
HPRegen 0.00/turn               r - ring "Orphaig" {Fire rElec rN+ Int+2 Dex+3}
MPRegen 0.17/turn               x - +4 ring of protection

@: no status effects
A: damage resistance, heal wounds, sense surroundings 2, no regeneration
a: Heal Wounds


You were on level 9 of the Dungeon.
You visited 2 branches of the dungeon, and saw 10 of its levels.
You also visited: Ossuary.

You collected 553 gold pieces.
You spent 360 gold pieces at shops.

Inventory:

Hand Weapons
 a - a +0 war axe of electrocution (weapon)
 b - a +4 trident
 w - a +3 short sword of protection
Missiles
 g - 13 poisoned darts
 y - 11 boomerangs
 A - a throwing net
 N - 5 javelins
 Q - a curare-tipped dart
Armour
 i - +0 swamp dragon scales (worn)
 o - a +0 pair of boots (worn)
 q - a +0 pair of gloves (worn)
 L - a +0 helmet (worn)
Jewellery
 l - an amulet of reflection (around neck)
 r - the ring "Orphaig" (left hand) {Fire rElec rN+ Int+2 Dex+3}
   (You found it on level 3 of the Dungeon)

   [ring of fire]

   It enhances your fire magic.
   Int:       It affects your intelligence (+2).
   Dex:       It affects your dexterity (+3).
   rF:        It protects you from fire.
   rC:        It makes you vulnerable to cold.
   rElec:     It insulates you from electricity.
   rN:        It protects you from negative energy.
 x - a +4 ring of protection (right hand)
 C - a ring of resist corrosion
Wands
 z - a wand of iceblast (9)
 K - a wand of flame (27)
 M - a wand of paralysis (6)
 P - a wand of digging (7)
 U - a wand of acid (9)
Scrolls
 c - 2 scrolls of fog
 j - a scroll of immolation {unknown}
 p - 2 scrolls of teleportation
 u - 3 scrolls of blinking {unknown}
 B - a scroll of amnesia {unknown}
 D - a scroll of enchant weapon {unknown}
 F - a scroll of summoning
 J - 2 scrolls of enchant armour {unknown}
 T - a scroll of fear {unknown}
Potions
 f - 2 potions of invisibility
 h - 2 potions of mutation {unknown}
 m - 2 potions of haste {unknown}
 n - 2 potions of lignification
 t - 2 potions of curing
 E - a potion of brilliance {unknown}
 H - 4 potions of heal wounds
 I - a potion of flight {unknown}
 O - a potion of berserk rage {unknown}
 R - a potion of attraction {unknown}
 S - 2 potions of might


   Skills:
 - Level 5.0 Fighting
 - Level 10.0 Axes
 - Level 5.0 Armour
 - Level 3.0 Dodging
 - Level 5.0 Stealth
 - Level 7.0 Spellcasting
 * Level 10.2 Necromancy


You had 10 spell levels left.
You knew the following spells:

 Your Spells              Type           Power      Damage    Failure   Level
a - Pain                  Necr           100%       1d9       1%          1
d - Vampiric Draining     Necr           45%        2d9       1%          3
x - Excruciating Wounds   Necr           22%        N/A       8%          5
A - Anguish               Hex/Necr       13%        N/A       22%         4

Your spell library contained the following spells:

 Spells                   Type           Power      Damage    Failure   Level
 Animate Skeleton         Necr           90%        N/A       1%          1
 Animate Dead             Necr           22%        N/A       2%          4
 Corpse Rot               Necr/Air       52%        N/A       3%          2
 Agony                    Necr           45%        N/A       8%          5
 Magic Dart               Conj           24%        1d4       19%         1
 Ensorcelled Hibernation  Hex/Ice        12%        N/A       28%         2
 Poisonous Vapours        Pois/Air       12%        N/A       28%         2
 Searing Ray              Conj           12%        2d4       28%         2
 Spider Form              Tmut/Pois      6%         N/A       50%         3
 Tukima's Dance           Hex            6%         N/A       50%         3
 Fulminant Prism          Conj/Hex       3%         3d6       88%         4
 Passage of Golubria      Tloc           6%         N/A       88%         4
 Yara's Violent Unravell  Hex/Tmut       3%         3d4       99%         5


Dungeon Overview and Level Annotations

Branches:
Dungeon (9/15)             Temple (1/1) D:6         Ossuary (visited)
   Lair: D:8-11         Orc: D:9-12

Altars:
Ashenzari
Cheibriados
Dithmenos
Fedhas
Gozag
Hepliaklqana
Kikubaaqudgha
Nemelex Xobeh
Okawaru
Qazlal
Ru
Sif Muna
Trog
Uskayaw
Vehumet
Wu Jian
Xom
Yredelemnul
Zin
The Shining One

Shops:
D:2 =

Annotations:
D:3 2 transporters, noodleboyJ's ghost, novice HOFi
D:8 2 transporters, BeingJoeMalik's ghost, novice GrFi


Innate Abilities, Weirdness & Mutations

You are resistant to damage.
You can heal yourself by infusing magical energy.
You passively map the area around you.
You do not regenerate.


Message History

You draw life force from the yak!
You feel life coursing into your body. The yak closely misses you.
You slash the yak!
The yak is severely wounded.
The howler monkey hoots and howls with incredible vigour!
You block the yak's attack.
You slash the yak!
The yak is almost dead.
The yak gores you but does no damage.
You closely miss the yak.
The yak is almost dead.
The yak gores you but does no damage.
You hit the yak. You punch the yak.
You kill the yak!
You barely miss the two-headed ogre.
The two-headed ogre hits you with a +0 giant club!
The two-headed ogre hits you but does no damage.
You hit the two-headed ogre.
Lightning courses through the two-headed ogre!
You punch the two-headed ogre.
The two-headed ogre is moderately wounded.
The two-headed ogre hits you with a +0 giant club!!
* * * LOW HITPOINT WARNING * * *
You block the two-headed ogre's attack.
You feel much better.
The howler monkey hoots and howls with incredible vigour!
You slash the two-headed ogre!
Lightning courses through the two-headed ogre!
The two-headed ogre is severely wounded.
The two-headed ogre hits you with a +0 giant club.
The two-headed ogre hits you with a +0 giant spiked club!
* * * LOW HITPOINT WARNING * * *
You slash the two-headed ogre!
The two-headed ogre is almost dead.
The two-headed ogre closely misses you.
The two-headed ogre hits you with a +0 giant spiked club!
* * * LOW HITPOINT WARNING * * *
You fail to use your ability.
The two-headed ogre closely misses you.
The two-headed ogre hits you with a +0 giant spiked club!!
You die...

* #.#.......##.. ,
#............. *
####.....#...#... ,
, , *
..........###.... **
* *#.##....$.# #O.
*,* , ,*#..?^ZhW..#*
. +** *
#....#Y#Z#...#***
,,,, ......#O#.Z.#.#
,
*,,#.....#@#.....+,,
* ,, , ,,, , .....
#.#.....# , , ...#
....#...# * , #*,
...#..##'., ,, * ,
,, ,, , .####.. *,,
, * * * #.* .# * #
#.,, , * , *, , , .#
, ,, , ,* , * * *


You could see a two-headed ogre, a yak (anguished), a wraith, a howler monkey
and a hornet zombie.

Vanquished Creatures
  2 two-headed ogres
  Pikel (D:3)
  A kobold demonologist (D:9)
  Maggie (D:6)
  Grinder (D:6)
  3 hornets
  A wraith (D:5)
  A wyvern (D:8)
  4 yaks (D:9)
  A golden eye (shapeshifter) (D:9)
  Menkaure (D:7)
  3 water moccasins
  A black bear (D:5)
  An orc warrior (D:8)
  2 ogres (D:5)
  3 centaurs
  2 phantoms
  6 kobold brigands
  A gnoll sergeant (D:7)
  A bullfrog (D:8)
  3 scorpions
  A wyvern zombie (D:7)
  2 water moccasin skeletons
  6 killer bees (D:8)
  2 howler monkeys
  2 bullfrog zombies (D:5)
  8 centaur zombies
  3 bullfrog skeletons
  A gnoll shaman (D:4)
  A hound (D:4)
  2 centaur skeletons
  4 iguanas (D:5)
  A jelly (D:5)
  An orc wizard (D:9)
  A scorpion zombie (D:5)
  A hound skeleton (D:4)
  6 mummies (Ossuary)
  8 gnolls
  A howler monkey skeleton (D:7)
  4 adders
  2 shadow imps
  2 white imps
  An ufetubus (D:5)
  2 adder skeletons
  2 worms
  4 dart slugs
  21 orcs
  2 endoplasms
  4 giant cockroaches
  10 goblins
  7 hobgoblins
  13 jackals
  21 kobolds
  2 quokkas
  5 ball pythons
  8 bats
  3 frilled lizards
  4 hobgoblin zombies (Ossuary)
  4 rats
212 creatures vanquished.

Vanquished Creatures (collateral kills)
  An orc (D:6)
1 creature vanquished.

Vanquished Creatures (others)
  An orc warrior (D:9)
  An orc wizard (D:9)
  8 plants
10 creatures vanquished.

Grand Total: 223 creatures vanquished

Notes
Turn   | Place    | Note
-------+----------+-------------------------------------------
     0 | D:1      | avis the Deep Dwarf Necromancer began the quest for the
                  | Orb.
     0 | D:1      | Reached XP level 1. HP: 15/15 MP: 3/3
   383 | D:1      | Reached XP level 2. HP: 22/22 MP: 1/4
   441 | D:1      | Reached skill level 5 in Necromancy
  1265 | D:2      | Found Petimu's Jewellery Emporium.
  1268 | D:2      | Reached XP level 3. HP: 28/30 MP: 4/6
  1272 | D:2      | Learned a level 3 spell: Vampiric Draining
  1411 | D:1      | Reached skill level 1 in Fighting
  2082 | D:2      | Reached XP level 4. HP: 22/38 MP: 7/7
  2296 | D:3      | Identified the ring "Orphaig" {Fire rElec rN+ Int+2 Dex+3}
  2832 | D:3      | Found a transporter.
  2873 | D:3      | Noticed noodleboyJ's ghost (novice HOFi)
  3177 | D:3      | Found a transporter.
  3342 | D:4      | Reached XP level 5. HP: 43/44 MP: 3/9
  3640 | D:4      | Noticed a lemure
  3897 | D:3      | Learned a level 5 spell: Excruciating Wounds
  4000 | D:4      | Noticed a lemure
  4000 | D:4      | Noticed a lemure
  4017 | D:4      | Noticed Pikel
  4020 | D:4      | Noticed a lemure
  4058 | D:3      | Killed Pikel
  4059 | D:3      | Reached XP level 6. HP: 39/56 MP: 1/12
  4059 | D:3      | Reached XP level 7. HP: 43/62 MP: 1/13
  5085 | D:5      | Entered Level 5 of the Dungeon
  5236 | D:5      | Reached skill level 5 in Spellcasting
  5236 | D:5      | Reached skill level 1 in Armour
  5236 | D:5      | Reached skill level 1 in Axes
  5236 | D:5      | Reached XP level 8. HP: 67/69 MP: 9/15
  6119 | D:5      | Found a shimmering altar of Xom.
  6119 | D:5      | Found a faded altar of an unknown god.
  6125 | D:5      | Found a radiant altar of Vehumet.
  6127 | D:5      | Found a blossoming altar of Fedhas.
  6129 | D:5      | Found a faded altar of an unknown god.
  6358 | D:5      | Gained mutation: You passively map the area around you.
                  | [Deep Dwarf growth]
  6358 | D:5      | Reached XP level 9. HP: 24/78 MP: 3/16
  6596 | D:6      | Noticed Grinder
  6609 | D:6      | Paralysed by Grinder for 7 turns
  6617 | D:6      | Killed Grinder
  6650 | D:6      | Noticed Maggie
  6666 | D:6      | Found a sand-covered staircase.
  6674 | Ossuary  | Entered an ossuary
  6825 | D:6      | Reached skill level 5 in Fighting
  6998 | D:6      | Found a staircase to the Ecumenical Temple.
  7010 | Temple   | Entered the Ecumenical Temple
  7426 | D:6      | Killed Maggie
  7427 | D:6      | Reached skill level 5 in Axes
  8110 | D:7      | Reached skill level 10 in Necromancy
  8116 | D:7      | Reached skill level 5 in Armour
  8407 | D:7      | Noticed Menkaure
  8409 | D:7      | Killed Menkaure
  8438 | D:7      | Reached skill level 5 in Stealth
  8862 | D:8      | Reached XP level 10. HP: 73/88 MP: 15/19
  9019 | D:2      | Bought a +4 ring of protection for 360 gold pieces
  9294 | D:8      | Learned a level 4 spell: Anguish
  9530 | D:8      | Noticed a two-headed ogre
  9540 | D:8      | Killed a two-headed ogre
  9611 | D:8      | Found a transporter.
  9617 | D:8      | Found a transporter.
  9666 | D:8      | Noticed BeingJoeMalik's ghost (novice GrFi)
 10152 | D:8      | Identified the ring "Kano" {rC+ rCorr Str+3}
 10346 | D:9      | Noticed a rust devil
 10507 | D:9      | Noticed a two-headed ogre
 10528 | D:9      | Noticed a two-headed ogre
 10540 | D:9      | Reached skill level 10 in Axes
 10573 | D:9      | HP: 3/88 [two-headed ogre (19)]
 10587 | D:9      | Killed a two-headed ogre
 10599 | D:9      | Mangled by a two-headed ogre

Illustrated notes

Levels and vault maps discovered:
D:1:      sevenhm_arrival_forest_fort_small_3, layout_basic
D:2:      layout_rooms, serial_shops, shop, minivault_14
D:3:      layout_basic, gammafunk_ghost_mausoleum, minmay_strange_pillars,
          serial_bayou_pond_a
D:4:      layout_rooms, small_statue_intersection, uniq_pikel
D:5:      cheibrodos_barr_body, layout_basic,
          chequers_temple_overflow_minitemple, kennysheep_generic_room_16
D:6:      layout_cave_pools, minmay_temple_entry_antechambers,
          lightli_ossuary_entry_decrepit_ruins, minivault_23,
          kennysheep_cross_room, glass_columns_a, uniq_maggie, uniq_grinder
D:7:      layout_basic, uniq_menkaure
D:8:      layout_basic, gammafunk_ghost_gnarly_gnolls, moated_statue
D:9:      layout_loops_cross, grunt_ministairs_8, corexii_checkpoint_b,
          minmay_fractal_squares_diagonal_5
Temple:   minmay_crystal_spiral_temple

Skill      XL: |  1  2  3  4  5  6  7  8  9 10 |
---------------+-------------------------------+-----
Necromancy     | 5 6 7 8 9 10 | 10.2
Spellcasting   | 2 4 5 6 7 |  7.0
Stealth        | 3 5 |  5.0
Fighting       | 1 3 4 5 |  5.0
Armour         | 1 4 5 |  5.0
Axes           | 1 3 5 10 | 10.0
Dodging        | 3 |  3.0

Action                   |  1- 3 |  4- 6 |  7- 9 | 10-12 || total
-------------------------+-------+-------+-------+-------++-------
Melee: Dagger            |    10 |    47 |    24 |       ||    81
       Punch             |       |     4 |     6 |     4 ||    14
       Trident           |       |       |   117 |     4 ||   121
       Whip              |       |       |    14 |       ||    14
       War axe           |       |       |   107 |   160 ||   267
 Cast: Pain              |    69 |    47 |     5 |       ||   121
       Vampiric Draining |     3 |    18 |    81 |    23 ||   125
       Excruciating Woun |       |       |     3 |     1 ||     4
       Anguish           |       |       |       |     2 ||     2
 Abil: Heal Wounds       |       |       |     2 |     4 ||     6
  Use: Scroll            |       |       |    11 |       ||    11
 Stab: Sleeping          |     1 |     1 |     2 |     3 ||     7
       Distracted        |       |       |     1 |     1 ||     2
Armor: Robe              |     1 |     4 |     9 |       ||    14
       Leather armour    |       |     1 |    84 |       ||    85
       Swamp dragon scal |       |       |    20 |    73 ||    93
Dodge: Dodged            |    21 |    25 |   195 |   118 ||   359
Block: Other             |       |    16 |    93 |    46 ||   155
       Reflection        |       |     2 |    10 |       ||    12

Table legend: (Time is in decaauts)
 A = Elapsed time spent in this place.
 B = Non-inter-level travel time spent in this place.
 C = Inter-level travel time spent in this place.
 D = Time resting spent in this place.
 E = Time spent auto-exploring this place.
 F = Levels seen in this place.
 G = Mean time per level.
                   A        B        C        D        E       F      G
               +--------+--------+--------+--------+--------+-----+--------+
         Total |  10736 |   9574 |   1162 |   3320 |   3350 |  11 |  976.0 |
       Dungeon |  10260 |   9183 |   1077 |   3320 |   3168 |   9 | 1140.0 |
        Temple |    321 |    237 |     84 |      0 |    182 |   1 |  321.0 |
       Ossuary |    153 |    153 |      0 |      0 |      0 |   1 |  153.0 |
               +--------+--------+--------+--------+--------+-----+--------+

Top non-repeatable levels by time:
     D:3: 1642 daAuts
     D:1: 1598 daAuts
     D:5: 1577 daAuts
     D:4: 1406 daAuts
     D:8: 1180 daAuts
     D:6: 1100 daAuts
     D:7: 944 daAuts
     D:2: 663 daAuts
  Temple: 321 daAuts
 Ossuary: 153 daAuts
     D:9: 147 daAuts
